 Dungeon Crawl Stone Soup version 0.26.0-41-g79a4fc7684 (webtiles) character file.

Game seed: 12017571910763279961

1000 kreisler the Covert (level 8, 0/51 HPs)
             Began as an Octopode Brigand on Jan 25, 2021.
             Was an Initiate of Okawaru.
             Slain by a wolf (6 damage)
             ... on level 5 of the Dungeon on Jan 26, 2021.
             The game lasted 00:28:35 (4981 turns).

kreisler the Covert (Octopode Brigand)              Turns: 4981, Time: 00:28:35

Health: 0/51       AC:  1    Str: 11 (12) XL:     8   Next: 19%
Magic:  9/9        EV: 13    Int: 11 (13) God:    Okawaru [......]
Gold:   337        SH:  0    Dex: 14      Spells: 7/7 levels left

rFire    . . .     SeeInvis .   a - +4 dagger
rCold    . . .     Faith    .   (no shield)
rNeg     . . .     Spirit   .   (helmet restricted)
rPois    +         Reflect  .   (no amulet)
rElec    .         Harm     .   g - ring of poison resistance
rCorr    .         Rampage  .   (no ring)
Will     .....                  (no ring)
Stlth    +++++.....             (no ring)
HPRegen  0.17/turn              (no ring)
MPRegen  0.11/turn              (no ring)
                                (no ring)
                                (no ring)

@: mighty
A: almost no armour, stealthy swim, amphibious, 8 rings, constrict 8, camouflage
1, gelatinous body 1
a: Renounce Religion


You were on level 5 of the Dungeon.
You worshipped Okawaru.
Okawaru was noncommittal.
You visited 2 branches of the dungeon, and saw 6 of its levels.

You collected 337 gold pieces.

Inventory:

Hand Weapons
 a - a +4 dagger (weapon)
Missiles
 b - 25 poisoned darts (quivered)
 c - 2 curare-tipped darts
Jewellery
 g - a ring of poison resistance (left tentacle)
 i - an uncursed ring of positive energy
 n - an uncursed amulet of the acrobat
 o - an uncursed ring of wizardry
Wands
 e - a wand of polymorph (10)
Scrolls
 h - a scroll of remove curse
 k - 2 scrolls of identify
 m - 2 scrolls of magic mapping
Potions
 f - 2 potions of cancellation
 l - a potion of berserk rage


   Skills:
 + Level 2.8 Fighting
 + Level 4.1(4.4) Short Blades
 + Level 2.2(3.4) Long Blades
 + Level 2.2(3.1) Axes
 + Level 2.2(3.2) Maces & Flails
 + Level 2.2(3.2) Polearms
 + Level 2.7(3.5) Staves
 + Level 2.2(3.0) Slings
 + Level 2.9 Bows
 + Level 2.2 Crossbows
 + Level 3.0(3.4) Throwing
 + Level 2.1 Dodging
 + Level 8.8 Stealth
 + Level 2.2 Shields
 + Level 2.2 Unarmed Combat
 + Level 2.2 Conjurations
 + Level 2.2 Hexes
 + Level 2.4 Summonings
 + Level 3.2 Necromancy
 + Level 2.2 Translocations
 + Level 2.2 Transmutations
 + Level 2.2 Fire Magic
 + Level 2.2 Ice Magic
 + Level 2.2 Air Magic
 + Level 2.2 Earth Magic
 + Level 2.7 Poison Magic
 + Level 2.4 Invocations
 + Level 2.4 Evocations


You had 7 spell levels left.
You didn't know any spells.
Your spell library contained the following spells:

 Spells                   Type           Power        Failure   Level
 Foxfire                  Conj/Fire      16%          14%         1
 Conjure Flame            Conj/Fire      4%           41%         3
 Inner Flame              Hex/Fire       4%           41%         3
 Sticky Flame             Conj/Fire      4%           82%         4
 Fireball                 Conj/Fire      2%           99%         5


Dungeon Overview and Level Annotations

Branches:
Dungeon (5/15)             Temple (1/1) D:4

Altars:
Ashenzari
Cheibriados
Fedhas
Gozag
Hepliaklqana
Kikubaaqudgha
Okawaru
Qazlal
Ru
Sif Muna
Trog
Uskayaw
Vehumet
Wu Jian
Xom
Yredelemnul
Jiyva

Shops:
D:5 (


Innate Abilities, Weirdness & Mutations

You cannot wear most types of armour.
You are very stealthy in the water. (Stealth+)
You are amphibious.
You can wear up to eight rings at the same time.
You can use your tentacles to constrict eight enemies at once.
Your skin changes colour to match your surroundings (Stealth+).
Your rubbery body absorbs attacks. (AC +1, EV +1)


Message History

The gnoll closely misses you.
You hit the wolf.
The wolf is moderately wounded.
You constrict the wolf. The wolf barely misses you.
The gnoll hits you from afar with a +0 spear.
You hit the wolf. You squeeze the wolf.
The wolf is severely wounded.
You constrict the wolf, but do no damage.
The wolf escapes!
The wolf bites you!
* * * LOW HITPOINT WARNING * * *
The gnoll hits you from afar with a +0 spear.
* * * LOW HITPOINT WARNING * * *
Blink to where?
Press: ? - help, Dir - move target
As you read the scroll of blinking, it crumbles to dust.
You hit the wolf. You grab the wolf.
The wolf is severely wounded.
You constrict the wolf, but do no damage.
The wolf bites you.
You die...

#### ###...# .......###
.........# .........#######
...........h...#
.........###...# ......h§##
##h.## .....(..)h..##@.#
........g...##.)#
........'...##.)#
........#####...#
.........###....#
................#### ####
....#####.#####....#######..##
#.# ###.......##.....#
#.###....!..........#


You could see a wolf and a jackal.

Vanquished Creatures
  A scorpion (D:4)
  A howler monkey (D:4)
  An orc priest (D:3)
  A bullfrog skeleton (D:5)
  2 hounds (D:4)
  2 iguanas (D:4)
  3 worker ants
  6 adders
  14 gnolls
  A dart slug (D:2)
  3 leopard geckos
  7 orcs
  5 giant cockroaches
  8 goblins
  4 hobgoblins
  7 jackals
  3 kobolds
  A quokka (D:4)
  4 bats
  5 frilled lizards
  5 rats
84 creatures vanquished.

Vanquished Creatures (others)
  6 plants (D:2)
6 creatures vanquished.

Grand Total: 90 creatures vanquished

Notes
Turn   | Place    | Note
-------+----------+-------------------------------------------
     0 | D:1      | kreisler the Octopode Brigand began the quest for the Orb.
     0 | D:1      | Reached XP level 1. HP: 14/14 MP: 1/1
   558 | D:1      | Reached XP level 2. HP: 9/19 MP: 2/2
   995 | D:2      | Reached skill level 6 in Stealth
  1063 | D:2      | Reached XP level 3. HP: 24/24 MP: 3/3
  1440 | D:2      | Reached XP level 4. HP: 29/29 MP: 4/4
  1736 | D:3      | Reached skill level 7 in Stealth
  2327 | D:3      | Reached XP level 5. HP: 25/35 MP: 5/5
  2817 | D:4      | Found a staircase to the Ecumenical Temple.
  2831 | D:4      | Reached skill level 8 in Stealth
  2864 | D:4      | Reached XP level 6. HP: 36/41 MP: 6/6
  3221 | D:4      | Found a hide-covered altar of Uskayaw.
  3713 | D:4      | Found a bloodstained altar of Trog.
  3714 | D:4      | Found an iron altar of Okawaru.
  3726 | D:4      | Became a worshipper of Warmaster Okawaru
  4096 | D:4      | Reached XP level 7. HP: 45/45 MP: 7/7
  4246 | D:4      | Found an opulent altar of Gozag.
  4246 | D:4      | Found a basalt altar of Yredelemnul.
  4258 | D:4      | Upgraded the game from 0.26.0-20-g3ca415f5b8 to
                  | 0.26.0-41-g79a4fc7684
  4269 | Temple   | Entered the Ecumenical Temple
  4520 | D:4      | Reached XP level 8. HP: 51/51 MP: 7/9
  4527 | D:5      | Entered Level 5 of the Dungeon
  4653 | D:5      | Found Sidocow's Weapon Emporium.
  4981 | D:5      | Slain by a wolf

Illustrated notes

Levels and vault maps discovered:
D:1:      dpeg_arrival_refuge, layout_loops_ring, chequers_mini_garden
D:2:      layout_loops_ring, corner_web_ring, serial_bayou_crossing
D:3:      layout_basic
D:4:      layout_basic, grunt_temple_overflow_bloody_war,
          gammafunk_temple_overflow_elements, lemuel_coloured_pillars_altar,
          minmay_temple_entry_offerings, minmay_close_crescents
D:5:      layout_cave_pods, good_gods_temple_1, marbit_many_paths, serial_shops,
          kennysheep_mini_moat, serial_gnoll_camp, gnoll_camp_medium_02,
          gnoll_camp_mini_shop, gnoll_camp_mini_doghouse,
          gnoll_camp_mini_loothouse, minmay_manual_mail
Temple:   pf_slime_end_temple

Skill      XL: |  1  2  3  4  5  6  7  8 |
---------------+-------------------------+-----
Stealth        | 6 7 8 |  8.8
Short Blades   | 3 4 |  4.1
Dodging        | 2 |  2.1
Long Blades    | 2 |  2.2
Axes           | 2 |  2.2
Maces & Flails | 2 |  2.2
Polearms       | 2 |  2.2
Staves         | 2 |  2.7
Slings         | 2 |  2.2
Bows           | 2 |  2.9
Crossbows      | 2 |  2.2
Shields        | 2 |  2.2
Unarmed Combat | 2 |  2.2
Conjurations   | 2 |  2.2
Hexes          | 2 |  2.2
Summonings     | 2 |  2.4
Necromancy     | 3 |  3.2
Translocations | 2 |  2.2
Transmutations | 2 |  2.2
Fire Magic     | 2 |  2.2
Ice Magic      | 2 |  2.2
Air Magic      | 2 |  2.2
Earth Magic    | 2 |  2.2
Poison Magic   | 2 |  2.7
Invocations    | 2 |  2.4
Evocations     | 2 |  2.4
Throwing       | 3 |  3.0
Fighting       | |  2.8

Action                   |  1- 3 |  4- 6 |  7- 9 || total
-------------------------+-------+-------+-------++-------
Melee: Dagger            |    39 |   103 |    53 ||   195
       Constrict         |     8 |    24 |    15 ||    47
       Tentacles         |     3 |    15 |     8 ||    26
       Punch             |       |       |     1 ||     1
Throw: Dart              |       |    25 |     7 ||    32
  Use: Scroll            |     4 |     8 |     6 ||    18
       Potion            |     1 |     6 |     6 ||    13
 Stab: Sleeping          |    10 |    12 |     1 ||    23
       Distracted        |     1 |       |       ||     1
Armor: Skin              |     1 |     2 |     2 ||     5
Dodge: Dodged            |    17 |    36 |    59 ||   112
